 Dungeon Crawl Stone Soup version 0.31.0-32-g396128a36d (webtiles) character file.

Game seed: 3611335800850941598

63 monsoonserge the Charlatan (level 4, -7/28 HPs)
             Began as an Octopode Artificer on Apr 7, 2024.
             Mangled by an orc
             ... wielding a +0 hand axe
              (8 damage)
             ... on level 2 of the Dungeon.
             The game lasted 00:04:04 (1639 turns).

monsoonserge the Charlatan (Octopode Artificer)     Turns: 1639, Time: 00:04:04

Health: -7/28      AC:  1    Str: 19    XL:     4   Next: 9%
Magic:  4/4        EV: 13    Int: 13    God:
Gold:   57         SH:  4    Dex: 12    Spells: 3/3 levels left

rFire   . . .        j - +0 falchion
rCold   + . .        i - +0 buckler
rNeg    . . .        (helmet restricted)
rPois   .            (no amulet)
rElec   .            k - ring of protection from cold
rCorr   .            l - +6 ring of strength
SInv    .            (no ring)
Will    .....        (no ring)
Stlth   +++          (no ring)
HPRegen 0.24/turn    (no ring)
MPRegen 0.09/turn    (no ring)
                     (no ring)

%: no passive effects
@: no status effects
A: almost no armour, amphibious, 8 rings, camouflage 1, gelatinous body 1,
(nimble swimmer 1), tentacles
a: no special abilities


You were on level 2 of the Dungeon.
You visited 1 branch of the dungeon, and saw 2 of its levels.

You collected 57 gold pieces.

Inventory:

Hand Weapons
 j - a +0 falchion (weapon)
Missiles
 f - 4 atropa-tipped darts
Armour
 i - a +0 buckler (worn)
Jewellery
 k - a ring of protection from cold (left tentacle)
 l - a +6 ring of strength (right tentacle)
Wands
 b - a wand of flame (14) (quivered)
 c - a wand of charming (15)
 d - a wand of iceblast (5)
Scrolls
 a - a scroll of butterflies {unknown}
 e - 2 scrolls of vulnerability {unknown}
 g - 2 scrolls of blinking {unknown}
 h - a scroll of fog {unknown}
 n - a scroll of identify {unknown}
 o - a scroll of silence {unknown}
Potions
 m - 3 potions of curing {unknown}


   Skills:
 - Level 1.0 Fighting
 + Level 0.1 Long Blades
 - Level 3.0 Dodging
 - Level 1.3 Stealth
 * Level 0.2 Shields
 * Level 2.2 Unarmed Combat
 - Level 4.0 Evocations


You had 3 spell levels left.
You didn't know any spells.
Your spell library contained the following spells:

 Spells                   Type           Power      Damage    Failure   Level
 Dazzling Flash           Conj/Hex       0%         N/A       75%         3
 Volatile Blastmotes      Fire/Tloc      0%         2d10      75%         3
 Starburst                Conj/Fire      0%         6d3       100%        6
 Maxwell's Capacitive Co  Air            0%         ∞         100%        8


Dungeon Overview and Level Annotations

Branches:
Dungeon (2/15)

Altars:


Innate Abilities, Weirdness & Mutations

You cannot wear most types of armour.
You are amphibious.
You can wear up to eight rings at the same time.
Your skin changes colour to match your surroundings (Stealth+).
Your rubbery body absorbs attacks. (AC +1, EV +1)
((You are camouflaged when in or above water. (Stealth+)))
You have tentacles for arms and can constrict up to eight enemies at once.


Message History

You constrict the orc. The orc barely misses you. The orc closely misses you.
You hit the orc but do no damage. You constrict the orc. You constrict the orc!
You kill the orc!
The orc closely misses you. You block the orc's attack.
You hit the orc.
The orc is almost dead.
You constrict the orc.
You kill the orc!
Things that are here:
a +0 mace; a +0 chain mail; an orc corpse
Things that are here:
a +0 club; a +0 chain mail An orc comes into view.
It is wielding a +0 hand axe.
An orc priest comes into view. It is wielding a +0 short sword.
The orc closely misses you.
You barely miss the orc.
The orc priest shouts!
You grab the orc. You squeeze the orc, but do no damage. You constrict the orc.
You hear a shout!
The orc closely misses you.
The orc priest mumbles some strange prayers to Beogh against you.
Beogh smites you!
Ouch! That really hurt!
You hit the orc but do no damage.
The orc is heavily wounded.
You constrict the orc, but do no damage.
The orc hits you with a +0 hand axe.
* * * LOW HITPOINT WARNING * * *
The orc priest looks encouraged for a moment.
The orc hits you with a +0 hand axe.
* * * LOW HITPOINT WARNING * * *
Aiming: Throw Flame
Press: ? - help, Shift-Dir - straight line, f - orc priest
Aim: an orc priest, wielding a +0 short sword and wearing a +0 leather armour (71% to hit)
The puff of flame misses the orc priest.
You constrict the orc, but do no damage.
The orc priest hits you with a +0 short sword.
* * * LOW HITPOINT WARNING * * *
The orc hits you with a +0 hand axe!
You die...

#.# #.#.# #.# #.# #.#
#.#####.#.#####.##########.#
#....##.#.##...............#
#.##.##.#.##.################
#.##....#....# #.# #
#.############ #.# #
#.##....#....# #.# #
#.##.##.#.##o# ###.# #
#....##.#.##@#### #...# #
#.#####.#.##o..)###..## # #.#
#.#.#####)....#########
#.#####.#. #..............
#.##....# #.#############
#.##.#### #.# # #.##.# #.#
#....# ..# ###### ###


You could see an orc priest and an orc.

Vanquished Creatures
  An adder (D:2)
  4 dart slugs
  2 orcs (D:2)
  3 ball pythons
  4 bats
  4 endoplasms
  2 giant cockroaches (D:1)
  5 goblins
  3 hobgoblins
  3 frilled lizards
  4 kobolds
  8 rats
43 creatures vanquished.

Notes
Turn   | Place    | Note
-------+----------+-------------------------------------------
     0 | D:1      | monsoonserge the Octopode Artificer began the quest for the
                  | Orb.
     0 | D:1      | Reached XP level 1. HP: 13/13 MP: 1/1
    42 | D:1      | Reached XP level 2. HP: 7/18 MP: 2/2
   501 | D:1      | Found a faded altar of an unknown god.
   544 | D:1      | Reached skill level 1 in Unarmed Combat
   613 | D:1      | Reached skill level 4 in Evocations
   613 | D:1      | Reached XP level 3. HP: 17/23 MP: 3/3
  1575 | D:2      | Reached XP level 4. HP: 27/28 MP: 4/4
  1639 | D:2      | HP: 1/28 [orc priest/+0 short sword (3)]
  1639 | D:2      | Mangled by an orc

Illustrated notes

Levels and vault maps discovered:
D:1:      lemuel_arrival_broad_hall, layout_loops_corners,
          dreamdust_ecumenical_altar_statues
D:2:      layout_loops_ring, serial_co_window_serial, co_window_paths_b,
          co_window_cross_1, co_window_corner_a, co_window_paths_a,
          co_window_corner_a, co_window_corner_ca, co_window_corner_b,
          co_window_unsneaky_path_a, co_window_unsneaky_path_d,
          co_window_4corner_a

Skill      XL: |  1  2  3 |
---------------+----------+-----
Unarmed Combat | 1 2 |  2.2
Evocations     | 4 |  4.0
Dodging        | 3 |  3.0
Fighting       | |  1.0
Long Blades    | |  0.1
Stealth        | |  1.3
Shields        | |  0.2

Action                     |  1- 3 |  4- 6 || total
---------------------------+-------+-------++-------
  Melee: Unarmed           |    60 |       ||    60
         Constrict         |    21 |     3 ||    24
         Tentacles         |    20 |     1 ||    21
         Falchion          |    22 |     9 ||    31
  Evoke: Wand              |       |     1 ||     1
   Stab: Sleeping          |    13 |     1 ||    14
 Armour: Skin              |    29 |     6 ||    35
  Dodge: Dodged            |    35 |     6 ||    41
  Block: Buckler           |     3 |     2 ||     5
